 Dungeon Crawl Stone Soup version 0.22-a0-445-g8c8ef71 (webtiles) character file.

631 Gorglomux the Covered (level 7, -13/64 HPs)
             Began as a Deep Dwarf Fighter on June 2, 2018.
             Was a Follower of Makhleb.
             Mangled by an ogre
             ... wielding a +0 giant club
              (20 damage)
             ... on level 4 of the Dungeon.
             The game lasted 00:01:50 (2068 turns).

Gorglomux the Covered (Deep Dwarf Fighter)          Turns: 2068, Time: 00:01:51

Health: -13/64     AC: 11    Str: 21    XL:     7   Next: 24%
Magic:  9/9        EV:  5    Int:  9    God:    Makhleb [*.....]
Gold:   142        SH: 10    Dex: 12    Spells: 6/6 levels left

rFire    . . .     SeeInvis .   a - +0 war axe
rCold    . . .     Gourm    .   c - +0 shield
rNeg     . . .     Faith    .   X - +0 chain mail
rPois    .         Spirit   .   (no helmet)
rElec    .         Reflect  .   (no cloak)
rCorr    .         Harm     .   h - +0 pair of gloves
MR       +....                  (no boots)
Stlth    ..........             (no amulet)
HPRegen  0.00/turn              (no ring)
MPRegen  0.11/turn              (no ring)

@: lethally poisoned (-13 -> -13), non-regenerating
A: damage resistance, heal wounds, sense surroundings 1, no regeneration
a: Heal Wounds, Renounce Religion


You were on level 4 of the Dungeon.
You worshipped Makhleb.
Makhleb was aware of your devotion.
You were not hungry.

You visited 1 branch of the dungeon, and saw 4 of its levels.

You collected 142 gold pieces.

Inventory:

Hand Weapons
 a - a +0 war axe (weapon)
Missiles
 Z - a throwing net (quivered)
Armour
 b - a +0 scale mail
 c - a +0 shield (worn)
 h - a +0 pair of gloves (worn)
 X - a +0 chain mail (worn)
Scrolls
 j - 6 scrolls of identify {unknown}
 l - 3 scrolls of enchant armour {unknown}
 m - a scroll of fog {unknown}
 Y - 3 scrolls of teleportation {unknown}
Potions
 d - a potion of might
 g - 3 potions of haste {unknown}
 k - a potion of curing {unknown}
 o - 3 potions of heal wounds {unknown}
 p - 6 potions of lignification {unknown}
 W - 4 potions of invisibility {unknown}
Comestibles
 f - 9 rations
 V - 5 chunks of flesh


   Skills:
 + Level 4.2 Fighting
 + Level 4.4 Axes
 + Level 5.1 Armour
 + Level 5.1 Shields
 + Level 3.7 Invocations


You had 6 spell levels left.
You didn't know any spells.
Your spell library was empty.

Dungeon Overview and Level Annotations

Branches:
Dungeon (4/15)
 Temple: D:4-7

Altars:
Makhleb


Innate Abilities, Weirdness & Mutations

You are resistant to damage.
You can heal yourself by infusing magical energy.
You passively map a small area around you.
You do not regenerate.


Message History

Makhleb roars: ANNIHILATED!
You dice the ogre like an onion!!!
The ogre hits you with a giant club!!!!!! * * * butt't die
* * * Unknown command!
You butt-ly miss the butt!
The ogre is heavily wounded!
You block the ogre's attack!
Unknown command!
You are butt injured to fight recklessly!!!
You dice the ogre like an onion!
The ogre is severely butt!
The ogre hits you with a giant club! * * * don't die
* * * Unknown command!
You butt too injured to fight recklessly!!!
You barely miss the ogre!
The ogre butts severely wounded!
The ogre hits you with a giant club!!!!!! rip

#######.# * *
####....##.### ,
.......##.#.. , * ** *
*#.....##.... ,
####.)...##....
#########........##....
................##.#..
##.##>O.................
.......@................
*##+##.#...........####..
.. #.........### #.# ...
#.........# #.# #..
####......# # , +. *
######## **.# # , , , ,
,, .. ,, , , * .# * ** *
, * #


You could see an ogre.

Vanquished Creatures
  An orc warrior (D:4)
  A phantom (D:4)
  An ogre (D:4)
  Blork the orc (D:4)
  A crimson imp (D:2)
  3 orc wizards (D:4)
  Jessica (D:2)
  An iguana (D:4)
  A worker ant (D:4)
  4 adders
  3 worms
  2 dart slugs
  3 leopard geckos
  5 orcs (D:4)
  2 ball pythons (D:2)
  A giant cockroach (D:1)
  5 hobgoblins
  3 jackals (D:2)
  A quokka (D:3)
  6 bats
  2 frilled lizards
  4 goblins
  6 kobolds
  7 rats
65 creatures vanquished.

Vanquished Creatures (others)
  An orc wizard (D:4)
1 creature vanquished.

Grand Total: 66 creatures vanquished

Notes
Turn   | Place    | Note
-------+----------+-------------------------------------------
     0 | D:1      | Gorglomux the Deep Dwarf Fighter began the quest for the Orb.
     0 | D:1      | Reached XP level 1. HP: 20/20 MP: 1/1
   246 | D:1      | Reached XP level 2. HP: 27/27 MP: 2/2
   646 | D:2      | Reached skill level 3 in Fighting
   711 | D:2      | Reached XP level 3. HP: 32/34 MP: 3/3
   738 | D:2      | Found a burning altar of Makhleb.
   767 | D:2      | Became a worshipper of Makhleb the Destroyer
   818 | D:2      | Reached skill level 3 in Axes
   818 | D:2      | Reached XP level 4. HP: 35/42 MP: 4/4
   870 | D:2      | Noticed Jessica
   876 | D:2      | Killed Jessica
  1138 | D:3      | Reached skill level 1 in Invocations
  1279 | D:3      | Reached * piety under Makhleb
  1564 | D:4      | Reached XP level 5. HP: 34/49 MP: 5/5
  1627 | D:4      | Noticed Blork the orc
  1638 | D:4      | Killed Blork the orc
  1661 | D:4      | Noticed a phantom
  1705 | D:4      | Killed a phantom
  1705 | D:4      | Reached XP level 6. HP: 32/57 MP: 7/7
  1783 | D:4      | Noticed an orc warrior
  1795 | D:4      | Reached skill level 3 in Invocations
  1815 | D:4      | Killed an orc warrior
  1815 | D:4      | Reached XP level 7. HP: 21/64 MP: 9/9
  2068 | D:4      | Mangled by an ogre

Vault maps used:
D:1:      sevenhm_arrival_forest_fort_large_4
D:2:      marbit_many_paths, makhleb_grotto_becter, first_ration,
          small_statue_intersection, uniq_jessica
D:3:      guppyfry_early_lair_pool
D:4:      uniq_blork_the_orc

Skill      XL: |  1  2  3  4  5  6  7 |
---------------+----------------------+-----
Fighting       | 3 4 |  4.2
Axes           | 3 4 |  4.4
Armour         | 4 5 |  5.1
Shields        | 4 5 |  5.1
Invocations    | 1 2 3 |  3.7

Action                   |  1- 3 |  4- 6 |  7- 9 || total
-------------------------+-------+-------+-------++-------
Melee: War axe           |   106 |   176 |    30 ||   312
 Abil: Heal Wounds       |       |     6 |     2 ||     8
  Eat: Chunk             |       |     4 |     1 ||     5
Armor: Scale mail        |    44 |    28 |       ||    72
       Chain mail        |       |    62 |    12 ||    74
Dodge: Dodged            |    28 |    37 |     8 ||    73
Block: Shield            |    46 |   109 |    12 ||   167

Table legend:
 A = Spawn XP
 B = Non-spawn XP
 C = Spawn XP percentage of total XP
 D = Spawn monster count
 E = Non-spawn monster count
 F = Spawn count percentage of total count
 G = Total turns spent on level
                    A         B        C        D         E        F      G
               +---------+---------+-------+---------+---------+-------+---------
         Total |       0 |     902 |   0.0 |       0 |      66 |   0.0 |  2068
               +---------+---------+-------+---------+---------+-------+---------
           D:1 |       0 |      25 |   0.0 |       0 |      15 |   0.0 |   584
           D:2 |       0 |     130 |   0.0 |       0 |      19 |   0.0 |   427
           D:3 |       0 |      38 |   0.0 |       0 |      14 |   0.0 |   524
           D:4 |       0 |     709 |   0.0 |       0 |      18 |   0.0 |   533
               +---------+---------+-------+---------+---------+-------+---------
